 Dungeon Crawl Stone Soup version 0.23-b1-49-g13d5857 (webtiles) character file.

Game seed: 17677927889954952751

56 Flaz the Skirmisher (level 3, -1/33 HPs)
             Began as a Ghoul Fighter on Feb 3, 2019.
             Slain by a goblin
             ... wielding a +0 club
             ... led by Robin
              (2 damage)
             ... on level 2 of the Dungeon.
             The game lasted 00:07:04 (1558 turns).

Flaz the Skirmisher (Ghoul Fighter)                 Turns: 1558, Time: 00:07:04

Health: -1/33      AC:  6    Str: 20    XL:     3   Next: 95%
Magic:  2/2        EV:  9    Int:  3    God:
Gold:   35         SH:  0    Dex:  8    Spells: 2/2 levels left

rFire    . . .     SeeInvis .   a - +1 war axe
rCold    + . .     Gourm    .   (no shield)
rNeg     + + +     Faith    .   b - +0 scale mail
rPois    ∞         Spirit   .   (no helmet)
rElec    .         Reflect  .   (no cloak)
rCorr    .         Harm     .   (no gloves)
MR       .....                  (no boots)
Stlth    ..........             (no amulet)
HPRegen  0.00/turn              (no ring)
MPRegen  0.08/turn              (no ring)

@: flying, rotting
A: rotting body, claws 1, carnivore, cold resistance 1, negative energy
resistance 3, inhibited regeneration, torment resistance, unbreathing
a: no special abilities


You were on level 2 of the Dungeon.
You were not hungry.

You visited 1 branch of the dungeon, and saw 2 of its levels.

You collected 35 gold pieces.

Inventory:

Hand Weapons
 a - a +1 war axe (weapon)
Missiles
 h - 99 stones (quivered)
Armour
 b - a +0 scale mail (worn)
 c - a +0 shield
Scrolls
 j - a scroll of fog {unknown}
 l - a scroll of remove curse
 q - a scroll of blinking {unknown}
 r - a scroll of teleportation {unknown}
Potions
 d - a potion of might
 g - a potion of magic {unknown}
 k - a potion of agility {unknown}
 m - a potion of lignification {unknown}
 p - a potion of flight
Comestibles
 f - 4 rations


   Skills:
 - Level 4.0 Fighting
 + Level 2.8 Axes
 - Level 3.0 Armour
 + Level 0.4 Dodging
 - Level 2.6 Shields


You had 2 spell levels left.
You didn't know any spells.
Your spell library was empty.

Dungeon Overview and Level Annotations

Branches:
Dungeon (2/15)

Altars:
Fedhas
Qazlal

Annotations:
D:2 Robin


Innate Abilities, Weirdness & Mutations

Your body is rotting away.
You thrive on raw meat.
You are immune to poison.
You have sharp fingernails.
You are carnivorous and can eat meat at any time.
Your flesh is cold resistant. (rC+)
You are immune to negative energy. (rN+++)
You do not regenerate when monsters are visible.
You are immune to unholy pain and torment.
You can survive without breathing.


Message History

The bat hits you but does no damage. Robin throws the goblin at you!
The goblin hits you but does no damage. The goblin barely misses you.
The bat closely misses you.
A bat comes into view.
Found a runed war axe.
The bat completely misses you. The goblin hits you.
* * * LOW HITPOINT WARNING * * *
The goblin hits you.
* * * LOW HITPOINT WARNING * * *
The goblin barely misses you. Robin throws the goblin at you! The bat hits you.
* * * LOW HITPOINT WARNING * * *
The goblin completely misses you.
Okay, then.
As you read the scroll labeled QULASUCUVAE, it crumbles to dust.
It is a scroll of amnesia.
You feel forgetful for a moment. The bat barely misses you.
The bat closely misses you. The bat hits you but does no damage.
Robin throws the goblin at you! The goblin barely misses you.
The goblin completely misses you. The goblin hits you with a +0 club.
You die...

######.##.###.g..# #..# #
#.......g...####.##...#
#.##.###......)..g......
######.##.#
##...####.##...##
.......##+# #...####..# ..#
..####.# #........... ...
.## #.# . #bgl......... ..
.#####.#
....#.ggg...........
...............g@###.##....#
.#####.#..#.##bg.# .# #...#
........ )........
.#####.#.##.##..... .......#
# #...### .####### #...# .#
#...# .# ....# ######


You could see Robin, 2 hobgoblins, 4 goblins, 2 bats and a frilled lizard.

Vanquished Creatures
  An adder (D:2)
  An ooze (D:1)
  A leopard gecko (D:1)
  A ball python (D:1)
  A giant cockroach (D:2)
  9 goblins
  5 hobgoblins
  8 bats
  2 frilled lizards (D:1)
  2 kobolds
  10 rats
41 creatures vanquished.

Notes
Turn   | Place    | Note
-------+----------+-------------------------------------------
     0 | D:1      | Flaz the Ghoul Fighter began the quest for the Orb.
     0 | D:1      | Reached XP level 1. HP: 19/19 MP: 0/0
   117 | D:1      | Reached XP level 2. HP: 16/25 MP: 1/1
   631 | D:1      | Reached XP level 3. HP: 27/33 MP: 2/2
  1107 | D:2      | Found a stormy altar of Qazlal.
  1110 | D:2      | Found a blossoming altar of Fedhas.
  1502 | D:2      | Noticed Robin
  1535 | D:2      | Reached skill level 4 in Fighting
  1557 | D:2      | HP: 1/33 [bat (1)]
  1558 | D:2      | Slain by a goblin

Skill      XL: |  1  2  3 |
---------------+----------+-----
Axes           | 2 |  2.8
Armour         | 3 |  3.0
Fighting       | 4 |  4.0
Dodging        | |  0.4
Shields        | |  2.6

Action                   || total
-------------------------++-------
Melee: War axe           ||   131
Throw: Stone             ||     6
  Use: Scroll            ||     3
       Potion            ||     2
  Eat: Chunk             ||    17
Armor: Scale mail        ||   129
Dodge: Dodged            ||   132
Block: Shield            ||     1
